 Dungeon Crawl Stone Soup version 0.21.1-1-g345015fe64 (webtiles) character file.

662 Gargoyl the Skirmisher (level 7, -6/60 HPs)
             Began as a Centaur Abyssal Knight on Apr 12, 2018.
             Was a Believer of Lugonu.
             Shot with an arrow by a centaur (9 damage)
             ... on level 5 of the Dungeon.
             The game lasted 00:09:31 (4809 turns).

Gargoyl the Skirmisher (Centaur Abyssal Knight)     Turns: 4809, Time: 00:09:32

Health: -6/60      AC: 10    Str: 14      XL:     7   Next: 30%
Magic:  9/9        EV:  4    Int:  8 (9)  God:    Lugonu [**....]
Gold:   184        SH:  0    Dex: 13      Spells: 6/6 levels left

rFire    + . .     SeeInvis .   a - +1 hand axe
rCold    + . .     Gourm    .   (no shield)
rNeg     . . .     Faith    .   e - +0 chain mail
rPois    .         Spirit   .   (no helmet)
rElec    .         Reflect  .   (no cloak)
rCorr    .         Harm     .   (no gloves)
MR       .....                  (no barding)
Stlth    ..........             (no amulet)
HPRegen  0.20/turn              d - ring of protection from fire
MPRegen  0.11/turn              o - ring of protection from cold

@: lethally poisoned (-6 -> -21), very slightly contaminated, very quick
A: large, hooves 3, molten scales 1, agile 1, deformed body, deterioration 1,
dopey 1, speed 2, tough skin 3
a: Depart the Abyss, Bend Space, Renounce Religion


You were on level 5 of the Dungeon.
You worshipped Lugonu.
Lugonu was pleased with you.
You were not hungry.

You visited 1 branch of the dungeon, and saw 5 of its levels.
You visited the Abyss 1 time.

You collected 184 gold pieces.

Inventory:

Hand Weapons
 a - a +1 hand axe (weapon)
Missiles
 q - 2 tomahawks (quivered)
Armour
 e - a +0 chain mail (worn)
Jewellery
 d - a ring of protection from fire (left hand)
 o - a ring of protection from cold (right hand)
Wands
 k - a wand of flame (19)
Scrolls
 b - 2 scrolls of amnesia
 f - 3 scrolls of remove curse
 g - 2 scrolls of fog
 i - 2 scrolls of identify
Potions
 j - 2 potions of haste
Comestibles
 c - 9 rations


   Skills:
 + Level 4.3 Fighting
 + Level 3.7 Axes
 * Level 4.0 Armour
 + Level 1.4 Dodging
 * Level 3.9 Invocations


You had 6 spell levels left.
You didn't know any spells.

Dungeon Overview and Level Annotations

Branches:
Dungeon (5/15)
 Temple: D:4-7

Altars:


Innate Abilities, Weirdness & Mutations

You have hooves in place of feet.
Armour fits poorly on your strangely shaped body.
You cover ground very quickly.
You have extremely tough skin. (AC +3)
You are partially covered in molten scales. (AC +2)
You are agile. (Dex +2)
Your body sometimes deteriorates upon taking damage.
You are dopey. (Int -2)


Message History

The worker ant is almost dead.
You hit the centaur. You closely miss the killer bee zombie.
You feel sick. The centaur hits you.
* * * LOW HITPOINT WARNING * * *
The killer bee zombie hits you but does no damage.
The worker ant waves its antennae.
The worker ant bites you.
* * * LOW HITPOINT WARNING * * *
You are more poisoned.
The worker ant poisons you!
The centaur hits you but does no damage.
The killer bee zombie hits you.
* * * LOW HITPOINT WARNING * * *
Okay, then.
Okay, then.
* * * LOW HITPOINT WARNING * * *
You feel sick.
The killer bee zombie hits you but does no damage.
The centaur wields a shortbow.
The centaur shoots an arrow.
The arrow hits you!
You die...

...... #......
####....... #
.......!..
#.###.........
#.............
##..a........
#..c.@.......
#....Z........
................
##..............
................
##.#............
#.##..........>
. ............


You could see a centaur, a worker ant and a killer bee zombie.

Vanquished Creatures
  Pikel (D:3)
  A worker ant (D:4)
  A hound skeleton (D:3)
  3 gnolls (D:4)
  6 adders
  2 worms
  2 dart slugs (D:1)
  4 leopard geckos
  7 orcs
  A ball python (D:3)
  8 bats
  4 giant cockroaches
  11 goblins
  4 hobgoblins
  A quokka (D:4)
  2 frilled lizards
  2 kobolds
  2 quokka skeletons (D:4)
  14 rats
76 creatures vanquished.

Vanquished Creatures (others)
  A worm (D:4)
1 creature vanquished.

Grand Total: 77 creatures vanquished

Notes
Turn   | Place    | Note
-------+----------+-------------------------------------------
     0 | Abyss:1  | Gargoyl the Centaur Abyssal Knight began the quest for the Orb.
     0 | Abyss:1  | Reached XP level 1. HP: 19/19 MP: 2/2
     5 | Abyss:1  | Found a corrupted altar of Lugonu.
    72 | Abyss:1  | Found a corrupted altar of Lugonu.
   223 | Abyss:1  | Noticed a red devil
   227 | Abyss:1  | Noticed a starcursed mass
   333 | Abyss:2  | Noticed an iron imp
   353 | Abyss:2  | Noticed a wretched star
   354 | D:1      | Escaped the Abyss
   720 | D:1      | Reached XP level 2. HP: 26/26 MP: 3/3
   878 | D:1      | Reached * piety under Lugonu
  1379 | D:2      | Reached XP level 3. HP: 17/31 MP: 4/4
  2378 | D:3      | Reached XP level 4. HP: 31/39 MP: 5/5
  2758 | D:3      | Reached skill level 1 in Dodging
  3400 | D:4      | Reached ** piety under Lugonu
  3400 | D:4      | Reached XP level 5. HP: 45/46 MP: 5/7
  3488 | D:4      | Noticed a slave
  3490 | D:4      | Noticed Pikel
  3492 | D:4      | Noticed a slave
  3494 | D:4      | Noticed a slave
  3496 | D:4      | Noticed a slave
  3553 | D:4      | Gained mutation: Your spells are a little harder to cast, but a little more powerful. [potion of mutation]
  3553 | D:4      | Gained mutation: You are partially covered in molten scales. (AC +2) [potion of mutation]
  3553 | D:4      | Gained mutation: You are partially covered in iridescent scales. (AC +2) [potion of mutation]
  3867 | D:3      | Lost mutation: Your spells are a little harder to cast, but a little more powerful. [potion of mutation]
  3867 | D:3      | Lost mutation: You are partially covered in iridescent scales. (AC +2) [potion of mutation]
  3867 | D:3      | Gained mutation: You are dopey. (Int -2) [potion of mutation]
  3867 | D:3      | Gained mutation: Your body sometimes deteriorates upon taking damage. [potion of mutation]
  3867 | D:3      | Gained mutation: You are agile. (Dex +2) [potion of mutation]
  3893 | D:3      | Killed Pikel
  3893 | D:3      | Reached XP level 6. HP: 11/53 MP: 8/8
  3893 | D:3      | Reached XP level 7. HP: 12/60 MP: 9/9
  4797 | D:5      | Entered Level 5 of the Dungeon
  4809 | D:5      | HP: 3/60 [poisoned by a worker ant]
  4809 | D:5      | Shot with an arrow by a centaur

Skill      XL: |  1  2  3  4  5  6  7 |
---------------+----------------------+-----
Axes           | 2 3 |  3.7
Armour         | 2 3 4 |  4.0
Dodging        | 1 |  1.4
Fighting       | 4 |  4.3
Invocations    | 3 |  3.9

Action                   |  1- 3 |  4- 6 |  7- 9 || total
-------------------------+-------+-------+-------++-------
Melee: Hand axe          |   115 |   117 |    39 ||   271
       Kick              |     8 |    27 |    13 ||    48
Invok: Depart the Abyss  |     1 |       |       ||     1
  Use: Scroll            |     8 |     1 |     1 ||    10
       Potion            |     4 |     7 |       ||    11
  Eat: Chunk             |     3 |     4 |     3 ||    10
Armor: Leather armour    |    23 |       |       ||    23
       Chain mail        |    46 |    90 |    43 ||   179
Dodge: Dodged            |    51 |    25 |    21 ||    97
